 Dungeon Crawl Stone Soup version 0.30-a0-916-g9813417 (webtiles) character file.

Game seed: 3101877870884254348

17154 Dorkslayer the Shield-Bearer (level 12, -3/73 HPs)
             Began as a Gargoyle Fighter on Mar 22, 2023.
             Was an Initiate of Gozag.
             Slain by Erolcha
             ... wielding a +0 giant club
              (24 damage)
             ... on level 2 of the Orcish Mines.
             The game lasted 00:36:15 (10124 turns).

Dorkslayer the Shield-Bearer (Gargoyle Fighter)    Turns: 10124, Time: 00:36:17

Health: -3/73      AC: 28    Str: 22    XL:     12   Next: 45%
Magic:  12/12      EV:  9    Int: 13    God:    Gozag
Gold:   389        SH:  6    Dex: 14    Spells: 11/11 levels left

rFire   . . .      SeeInvis .    p - +5 spear of Strategic Superiority {elec, *Noise rPois rN+ Will+++}
rCold   x . .      Faith    .    c - +0 buckler
rNeg    + + +      Spirit   .    L - +0 plate armour
rPois   ∞          Reflect  .    o - +0 helmet
rElec   +          Rampage  .    i - scarf {repulsion}
rCorr   .                        l - +2 pair of gloves
Will    +++..                    H - +0 pair of boots Stlth
                                 (no amulet)
HPRegen 0.32/turn                O - ring "Hitoap" {rC- rN+ Int+3 Dex+3 Slay+4}
MPRegen 0.13/turn                (no ring)

@: repel missiles
A: sickness immunity, AC +8, negative energy resistance 1, electricity
resistance, torment resistance 1, petrification resistance
a: Renounce Religion, Potion Petition, Call Merchant, Bribe Branch


You were on level 2 of the Orcish Mines.
You worshipped Gozag.
Gozag was aware of your devotion.
You visited 3 branches of the dungeon, and saw 13 of its levels.

You collected 2444 gold pieces.
You spent 1972 gold pieces at shops.
You paid 83 gold pieces to Gozag.

Inventory:

Hand Weapons
 a - a +2 war axe
 p - the +5 spear of Strategic Superiority (weapon) {elec, *Noise rPois rN+ Will+++}
   (You found it on level 4 of the Dungeon)

   rPois:     It protects you from poison.
   rN:        It protects you from negative energy.
   *Noise:    It may make noises in combat.
   Will:      It greatly increases your willpower.
 q - a +1 broad axe of distortion
 C - the +2 mace "Nomp" {flame, Will+}
   (You found it on level 6 of the Dungeon)

   Will:      It increases your willpower.
 P - a +3 war axe
Missiles
 s - 7 boomerangs (quivered)
 u - 2 throwing nets
 N - a curare-tipped dart
Armour
 c - a +0 buckler (worn)
 i - a scarf of repulsion (worn)
 l - a +2 pair of gloves (worn)
 o - a +0 helmet (worn)
 G - a +1 cloak
 H - a +0 pair of boots (worn)
 L - a +0 plate armour (worn)
Jewellery
 O - the ring "Hitoap" (left hand) {rC- rN+ Int+3 Dex+3 Slay+4}
   (You bought it in a shop on level 1 of the Dungeon)

   [ring of slaying]

   Int:       It affects your intelligence (+3).
   Dex:       It affects your dexterity (+3).
   Slay:      It affects your accuracy & damage with ranged weapons and melee
   (+4).
   rC:        It makes you vulnerable to cold.
   rN:        It protects you from negative energy.
Wands
 b - a wand of charming (32)
 n - a wand of polymorph (10)
 D - a wand of iceblast (20)
 M - a wand of flame (6)
Scrolls
 k - 3 scrolls of teleportation
 t - a scroll of butterflies {unknown}
 w - 2 scrolls of magic mapping
 y - 2 scrolls of blinking
 B - 2 scrolls of poison
 E - a scroll of noise {unknown}
 I - a scroll of immolation {unknown}
Potions
 e - 9 potions of curing
 f - 2 potions of cancellation
 g - 2 potions of heal wounds
 h - 4 potions of attraction
 j - 2 potions of mutation
 m - a potion of berserk rage {unknown}
 r - a potion of haste {unknown}
 v - 3 potions of brilliance
 x - a potion of lignification {unknown}
 z - a potion of resistance {unknown}
 A - 2 potions of degeneration {unknown}
 F - a potion of magic {unknown}
Miscellaneous
 d - a tin of tremorstones (inert)
 J - a phantom mirror


   Skills:
 + Level 7.9 Fighting
 + Level 6.2(8.4) Axes
 * Level 4.9(6.6) Maces & Flails
 * Level 7.3(8.4) Polearms
 + Level 7.8 Armour
 * Level 7.6 Dodging
 + Level 7.9 Shields
 * Level 7.4 Evocations


You had 11 spell levels left.
You didn't know any spells.
Your spell library contained the following spells:

 Spells                   Type           Power      Damage    Failure   Level
 Kiss of Death            Conj/Necr      0%         2d5       99%         1
 Confusing Touch          Hex            0%         N/A       100%        3
 Dispel Undead            Necr           0%         3d6       100%        4
 Irradiate                Conj/Tmut      0%         3d11      100%        5
 Eringya's Noxious Bog    Tmut/Pois      0%         N/A       100%        6
 Simulacrum               Ice/Necr       Unusable   N/A       N/A         6

Dungeon Overview and Level Annotations

Branches:
Dungeon (10/15)            Temple (1/1) D:6            Lair (0/5) D:10
    Orc (2/2) D:9             Elf (0/3) Orc:2

Altars:
Ashenzari
Cheibriados
Dithmenos
Gozag
Hepliaklqana
Kikubaaqudgha
Makhleb
Nemelex Xobeh
Okawaru
Sif Muna
Uskayaw
Vehumet
Wu Jian
Xom
Yredelemnul
Zin
The Shining One

Shops:
D:1 =   D:6 *   Orc:1 *

Annotations:
Orc:2 Erolcha


Innate Abilities, Weirdness & Mutations

You are immune to sickness and miasma.
Your stone body is resilient. (AC +8)
You are immune to poison.
You resist negative energy. (rN+)
You are resistant to electric shocks. (rElec)
You are resistant to unholy torment.
You are immune to petrification.


Message History

You now have 371 gold pieces (gained 36).
Erolcha and an ogre come into view.
Erolcha shouts!
The ogre shouts!
Erolcha gestures wildly while chanting.
Erolcha blinks!
Erolcha moves out of view.
Found 24 gold pieces.
An ogre comes into view. It is wielding a +0 giant club.
Erolcha gestures wildly while chanting.
Erolcha flickers and vanishes!
Deactivating autopickup; reactivate with Ctrl-A.
You see here 18 gold pieces.
You now have 389 gold pieces (gained 18).
Reach: p) +5 spear of Strategic Superiority {elec, *Noise rPois rN+ Will+++}
Press: ? - help, Dir - move target, f - ogre
Aim: an ogre, wielding a +0 giant club (about 17% to evade the +5 spear of Strategic Superiority)
You reach to attack!
You barely miss the ogre. You puncture the ogre!
Lightning courses through the ogre!
The ogre is severely wounded.
The ogre hits you with a +0 giant club. Something hits you!
You barely miss the ogre.
The ogre is severely wounded.
You puncture the ogre!
You kill the ogre!
The ogre is distracted by your dazzling golden aura.
Something hits you!
The ogre is no longer distracted by gold.
The ogre is distracted by your dazzling golden aura.
Aiming: Iceblast
Press: ? - help, Shift-Dir - straight line The mass of ice explodes!
The iceblast engulfs something!!
Something hits you!
You hear some strange, mumbled words.
Something hits you!!
You completely miss something. You barely miss something.
You puncture something! Something hits you!!
* * * LOW HITPOINT WARNING * * *
You feel much better. Something hits you!!
You die...
Your body crumbles into a pile of gold.

,,,,,,***** ##.#.....#........
,##.....#.## ##.#..#.<.#.....))
...........#####.....##.#.......)
.....#.....##..##.#..##.#........
..........##....###......#......)
.$#........##....#...##.#........
...#......##....##...###.........
.........###...{......###..#.....
.........#.#....@.....# #........
...................#.## ##.#.....
....................## ##.##....
.....................## #...#....
..................#...# ##.##....
...........#######.#.## #####.#.
...........#}....#....# ######..
...........#~~~~~'...## ##.#..##.
...........#.....#..## #........


There were no monsters in sight!

Vanquished Creatures
  Jorgrun (Orc:2)
  The ghost of Dorkslayer the Blocker, a journeyman DsFi of Okawaru (Orc:2)
  5 two-headed ogres
  A manticore (D:7)
  The ghost of Illumine the Covered, a novice AtFi (D:5)
  Joseph (D:9)
  Maggie (D:7)
  3 komodo dragons
  2 trolls
  5 polar bears (D:7)
  A hornet (D:8)
  3 wyverns
  7 yaks
  A vampire (D:10)
  A wraith (D:8)
  2 basilisks (D:10)
  2 hogs (D:7)
  A steam dragon (D:7)
  2 wargs (Orc:1)
  9 orc warriors
  A swamp drake (D:10)
  2 ice beasts
  7 black bears
  A sky beast (D:7)
  3 centaurs
  2 phantoms
  6 ogres
  4 kobold brigands
  2 bullfrogs
  2 scorpions
  4 wights (D:7)
  14 killer bees
  2 howler monkeys
  8 hounds
  15 orc priests
  5 jellies
  2 gnoll boudas
  6 iguanas
  17 orc wizards
  A mummy (D:3)
  11 gnolls
  7 adders
  A shadow imp (D:6)
  4 white imps
  3 worms
  2 dart slugs
  54 orcs
  8 endoplasms
  2 giant cockroaches
  3 goblins
  3 hobgoblins
  20 kobolds
  5 quokkas
  8 ball pythons
  6 bats
  4 frilled lizards
  5 rats
300 creatures vanquished.

Vanquished Creatures (others)
  An orc (D:5)
  10 plants (D:9)
11 creatures vanquished.

Grand Total: 311 creatures vanquished

Notes
Turn   | Place    | Note
-------+----------+-------------------------------------------
     0 | D:1      | Dorkslayer the Gargoyle Fighter began the quest for the
                  | Orb.
     0 | D:1      | Reached XP level 1. HP: 14/14 MP: 1/1
   140 | D:1      | Reached XP level 2. HP: 13/19 MP: 2/2
   174 | D:1      | Found Meodyniu's Jewellery Shop.
   501 | D:1      | Reached skill level 1 in Dodging
   754 | D:2      | Reached XP level 3. HP: 23/23 MP: 3/3
  1423 | D:3      | Found a snail-covered altar of Cheibriados.
  1430 | D:3      | Reached XP level 4. HP: 23/29 MP: 4/4
  1566 | D:3      | Reached XP level 5. HP: 32/33 MP: 5/5
  1575 | D:3      | Found a faded altar of an unknown god.
  1935 | D:4      | Noticed a black bear
  1936 | D:4      | Noticed a phantom
  1941 | D:4      | Killed a black bear
  1942 | D:4      | Reached XP level 6. HP: 35/38 MP: 6/6
  2148 | D:4      | Reached XP level 7. HP: 39/44 MP: 7/7
  2280 | D:4      | Identified the +5 spear of Strategic Superiority {elec,
                  | *Noise rPois rN+ Will+++}
  2875 | D:4      | Reached skill level 1 in Polearms
  2938 | D:5      | Entered Level 5 of the Dungeon
  2946 | D:4      | Reached skill level 1 in Evocations
  3159 | D:5      | Reached XP level 8. HP: 48/48 MP: 8/8
  3202 | D:5      | Identified the +3 short sword of Calamity {chaos, +Blink
                  | rElec Int+3}
  3270 | D:5      | Found a shadowy altar of Dithmenos.
  3389 | D:5      | Reached skill level 5 in Fighting
  3389 | D:5      | Reached skill level 5 in Shields
  3408 | D:5      | Reached skill level 5 in Armour
  3587 | D:5      | Found a runed translucent gate.
  3587 | D:5      | Identified the +2 whip of Distant Worlds {flame, Str+2
                  | Dex+6}
  3587 | D:5      | Identified the +3 ring mail "Cuotusek" {rN+ Int+3}
  3591 | D:5      | Noticed Illumine's ghost (novice AtFi)
  3593 | D:5      | Found a runed translucent gate.
  3594 | D:5      | Found a runed translucent gate.
  3607 | D:5      | Killed Illumine's ghost
  3839 | D:6      | Found a burning altar of Makhleb.
  3840 | D:6      | Found a shimmering blue altar of Sif Muna.
  3926 | D:6      | Found a staircase to the Ecumenical Temple.
  3957 | D:6      | Got Geumoty's Atlas of Transformation and the Icicle
  4000 | Temple   | Entered the Ecumenical Temple
  4026 | Temple   | Became a worshipper of Gozag Ym Sagoz the Greedy
  4066 | D:6      | Found a hazy altar of Hepliaklqana.
  4066 | D:6      | Found a glowing silver altar of Zin.
  4070 | D:6      | Reached XP level 9. HP: 51/54 MP: 9/9
  4134 | D:6      | Found Hegaan Igiu's Serpentskin Sales.
  4176 | D:6      | Bought a scroll of poison for 60 gold pieces
  4199 | D:6      | Identified the +2 mace "Nomp" {flame, Will+}
  4489 | D:7      | Noticed Maggie
  4521 | D:7      | Killed Maggie
  4522 | D:7      | Reached skill level 5 in Dodging
  4638 | D:7      | Found a huge runed translucent gate.
  4638 | D:7      | Noticed a polar bear
  4640 | D:7      | Found a huge runed translucent gate.
  4640 | D:7      | Noticed a polar bear
  4641 | D:7      | Found a huge runed translucent gate.
  4641 | D:7      | Noticed a polar bear
  4641 | D:7      | Noticed a polar bear
  4641 | D:7      | Noticed a polar bear
  4642 | D:7      | Found a huge runed translucent gate.
  4642 | D:7      | Noticed a manticore
  5122 | D:7      | Reached XP level 10. HP: 48/60 MP: 10/10
  5133 | D:7      | Reached skill level 5 in Polearms
  5133 | D:7      | Reached skill level 5 in Evocations
  5177 | D:7      | Reached skill level 5 in Axes
  5194 | D:7      | Killed a manticore
  5494 | D:8      | Noticed a two-headed ogre
  5515 | D:8      | Killed a two-headed ogre
  5516 | D:8      | Reached skill level 1 in Maces & Flails
  5516 | D:8      | Reached XP level 11. HP: 38/66 MP: 11/11
  6337 | D:9      | Found a broken altar of Ashenzari.
  6337 | D:9      | Found a staircase to the Orcish Mines.
  6775 | D:9      | Noticed a two-headed ogre
  6777 | D:9      | Noticed Joseph
  6787 | D:9      | Killed a two-headed ogre
  6799 | D:9      | Killed Joseph
  7349 | D:10     | Entered Level 10 of the Dungeon
  7466 | D:10     | Found a shimmering altar of Xom.
  7686 | D:10     | Found a staircase to the Lair.
  7917 | D:10     | Noticed a two-headed ogre
  7933 | D:10     | Killed a two-headed ogre
  8142 | D:10     | Noticed a two-headed ogre
  8163 | D:10     | Killed a two-headed ogre
  8249 | D:10     | Noticed a two-headed ogre
  8258 | D:10     | Killed a two-headed ogre
  8259 | D:10     | Reached XP level 12. HP: 72/72 MP: 12/12
  8488 | D:1      | Bought the ring "Hitoap" {rC- rN+ Int+3 Dex+3 Slay+4} for
                  | 1042 gold pieces
  8652 | Orc:1    | Entered Level 1 of the Orcish Mines
  9223 | Orc:1    | Found Qawaetyn's Gadget Gallery.
  9235 | Orc:1    | Bought a tin of tremorstones (2/2) for 640 gold pieces
  9235 | Orc:1    | Bought a wand of iceblast (6) for 230 gold pieces
  9348 | Orc:2    | Entered Level 2 of the Orcish Mines
  9488 | Orc:2    | Found a staircase to the Elven Halls.
  9561 | Orc:2    | Noticed Jorgrun
  9569 | Orc:2    | Killed Jorgrun
  9873 | Orc:2    | Found a runed translucent door.
  9880 | Orc:2    | Noticed Dorkslayer's ghost (journeyman DsFi)
  9937 | Orc:2    | Killed Dorkslayer's ghost
 10087 | Orc:2    | Noticed Erolcha
 10123 | Orc:2    | HP: 1/73 [something (27)]
 10124 | Orc:2    | Slain by Erolcha

Illustrated notes

Levels and vault maps discovered:
D:1:      grunt_arrival_lava_bath, layout_basic, serial_shops,
          nicolae_shop_behind_doors, minmay_misc_feat_alley
D:2:      layout_rooms, minmay_liquid_box, dreamdust_princess_bridge
D:3:      layout_rooms, chei_slow_surprise, ebering_ecumenical_altar_webs
D:4:      layout_basic
D:5:      layout_cave_pools, mainiacjoe_overflow_concentric_impassable,
          biasface_ghost_orc_armoury
D:6:      layout_basic, mainiacjoe_overflow_divided_tiny,
          nicolae_overflow_hidden_temple, minmay_temple_entry_offerings,
          serial_curves, eino_curves_04, eino_curves_01, eino_curves_03,
          guppyfry_shop_venom
D:7:      lemuel_bear_cage, layout_basic, grunt_decor_resistance, uniq_maggie
D:8:      layout_rooms
D:9:      layout_long_grid, mainiacjoe_overflow_cross_hatched, orc_0_dummy,
          minmay_lizard_king, uniq_joseph
D:10:     layout_rooms, mainiacjoe_overflow_chevrons, erik_lair_dragon
Temple:   compressed_dpeg_circular_temple
Orc:1:    layout_caves, nicolae_shop_gadgets
Orc:2:    st_orc_pillars, layout_caves, ebering_ghost_reflecting_pool,
          dreamdust_deal_with_the_devil, uniq_jorgrun, uniq_erolcha

Skill      XL: |  1  2  3  4  5  6  7  8  9 10 11 12 |
---------------+-------------------------------------+-----
Dodging        | 1 2 3 4 5 6 7 |  7.6
Axes           | 2 3 4 5 6 |  6.2
Fighting       | 4 5 6 7 |  7.9
Armour         | 4 5 6 7 |  7.8
Shields        | 4 5 6 7 |  7.9
Polearms       | 1 3 4 5 6 7 |  7.3
Evocations     | 1 3 4 5 6 7 |  7.4
Maces & Flails | 1 4 |  4.9

Action                     |  1- 3 |  4- 6 |  7- 9 | 10-12 || total
---------------------------+-------+-------+-------+-------++-------
  Melee: War axe           |   117 |    93 |    19 |       ||   229
         Spear             |       |       |   292 |   713 ||  1005
  Throw: Boomerang         |       |       |     1 |    12 ||    13
         Dart              |       |       |       |     1 ||     1
  Evoke: Wand              |       |       |     9 |     1 ||    10
         Tin of tremorston |       |       |       |     2 ||     2
    Use: Scroll            |     6 |     3 |     6 |     3 ||    18
         Potion            |       |     1 |     2 |     8 ||    11
   Stab: Distracted        |       |       |       |     4 ||     4
 Armour: Scale mail        |    67 |    58 |    30 |       ||   155
         Chain mail        |       |       |   143 |   248 ||   391
         Plate armour      |       |       |       |   127 ||   127
  Dodge: Dodged            |    88 |    67 |   125 |   276 ||   556
         Repelled          |       |       |       |     1 ||     1
  Block: Buckler           |    28 |    18 |    55 |   150 ||   251

Table legend: (Time is in decaauts)
 A = Elapsed time spent in this place.
 B = Non-inter-level travel time spent in this place.
 C = Inter-level travel time spent in this place.
 D = Time resting spent in this place.
 E = Time spent auto-exploring this place.
 F = Levels seen in this place.
 G = Mean time per level.
                   A        B        C        D        E       F      G
               +--------+--------+--------+--------+--------+-----+--------+
         Total |  10062 |   9736 |    326 |    211 |   4609 |  13 |  774.0 |
       Dungeon |   8593 |   8267 |    326 |     41 |   4131 |  10 |  859.3 |
        Temple |     55 |     55 |      0 |      0 |      0 |   1 |   55.0 |
  Orcish Mines |   1413 |   1413 |      0 |    170 |    478 |   2 |  706.5 |
               +--------+--------+--------+--------+--------+-----+--------+

Top non-repeatable levels by time:
     D:4: 1266 daAuts
     D:9: 1153 daAuts
     D:7: 1010 daAuts
    D:10: 970 daAuts
     D:1: 841 daAuts
     D:8: 797 daAuts
   Orc:2: 748 daAuts
     D:5: 747 daAuts
     D:3: 693 daAuts
   Orc:1: 665 daAuts
     D:6: 578 daAuts
     D:2: 535 daAuts
  Temple: 55 daAuts
